 Dungeon Crawl Stone Soup version 0.29-a0-824-gd827844252 (webtiles) character file.

Game seed: 8342800392877961954

8 coolguy69 the Cutter (level 2, 0/22 (24) HPs)
             Began as a Vine Stalker Berserker on July 10, 2022.
             Was a Follower of Trog.
             Slain by a kobold
             ... wielding a +2 short sword of draining
              (1 damage)
             ... on level 1 of the Dungeon.
             The game lasted 00:00:31 (419 turns).

coolguy69 the Cutter (Vine Stalker Berserker)        Turns: 419, Time: 00:00:33

HP:   0/22 (24)     AC:  5    Str: 19    XL:     2   Next: 8%
MP:   0/3           EV: 11    Int:  7    God:    Trog [*.....]
Gold: 9             SH:  0    Dex: 13    Spells: 1/1 levels left

rFire   . . .      SeeInvis .   a - +0 short sword
rCold   . . .      Faith    .   (no shield)
rNeg    . . .      Spirit   +   d - +0 ring mail
rPois   .          Reflect  .   (no helmet)
rElec   .          Harm     .   (no cloak)
rCorr   .          Rampage  .   (no gloves)
Will    .....                   (no boots)
Stlth   ..........              (no amulet)
HPRegen 0.07/turn               (no ring)
MPRegen 0.08/turn               (no ring)

@: berserking, drained, very quick
A: fangs 2, magic shield, antimagic bite, no potion heal 2
a: Renounce Religion, Berserk


You were on level 1 of the Dungeon.
You worshipped Trog.
Trog was aware of your devotion.
You visited 1 branch of the dungeon, and saw 1 of its levels.

You collected 9 gold pieces.

Inventory:

Hand Weapons
 a - a +0 short sword (weapon)
Armour
 d - a +0 ring mail (worn)
Scrolls
 b - a scroll of brand weapon {unknown}
Potions
 c - a potion of resistance {unknown}


   Skills:
 + Level 2.9 Fighting
 + Level 2.9 Short Blades
 + Level 1.6 Armour
 + Level 1.6 Dodging


You had one spell level left.
You didn't know any spells.
Your spell library was empty.

Dungeon Overview and Level Annotations

Branches:
Dungeon (1/15)

Altars:


Innate Abilities, Weirdness & Mutations

You have extremely sharp teeth.
When hurt, damage is shared between your health and your magic reserves.
Your bite disrupts and absorbs the magic of your enemies.
Potions cannot restore your health.


Message History

The ball python closely misses you. The ball python grabs you.
The ball python constricts you.
You closely miss the ball python. Your bite misses the ball python.
The ball python bites you but does no damage.
The ball python constricts you. The frilled lizard barely misses you.
A red film seems to cover your vision as you go berserk!
You feel yourself moving faster!
You feel mighty! The ball python bites you. The ball python constricts you.
The frilled lizard barely misses you. The ball python barely misses you.
The ball python constricts you.
You are too injured to fight recklessly!
You are too injured to fight recklessly!
You are too injured to fight recklessly!
You are too injured to fight recklessly!
You barely miss the ball python. The frilled lizard barely misses you.
You barely miss the ball python. The ball python completely misses you.
The ball python constricts you.
You puncture the ball python!
You kill the ball python!
Trog accepts your kill. The frilled lizard bites you.
* * * LOW HITPOINT WARNING * * *
You have reached level 2!
You closely miss the rat. The frilled lizard bites you.
* * * LOW HITPOINT WARNING * * *
The rat bites you but does no damage.
You puncture the rat!
You kill the rat!
Trog accepts your kill.
You closely miss the frilled lizard. You bite the frilled lizard.
You kill the frilled lizard!
Trog accepts your kill.
The kobold throws a stone.
The stone barely misses you.
You see here a rat corpse.
You closely miss the kobold. You bite the kobold. You drain its power.
You feel invigorated.
The kobold is severely wounded.
The kobold hits you with a +2 short sword of draining.
* * * LOW HITPOINT WARNING * * *
You feel drained.
You die...

.≈.⌠<.≈.§......#
.≈....≈.#..#.#.#
.#....#.#..#.#.#
###≈≈####....#.######
.#.....###..........
.≈.....# #...#.##.#
.≈.....###..(..$..#
.≈.[...#.......#..#
.#.....#.#..####@.#
##..)....#..# #K.#
#####.÷##.(# #..#
#....... ....
##.##..## #....
...#..# #.#...
......# #.##...
...... #.. ....
.....#.


You could see a kobold.

Vanquished Creatures
  A ball python (D:1)
  An endoplasm (D:1)
  A jackal (D:1)
  A kobold (D:1)
  A bat (D:1)
  A frilled lizard (D:1)
  2 rats (D:1)
8 creatures vanquished.

Notes
Turn   | Place    | Note
-------+----------+-------------------------------------------
     0 | D:1      | coolguy69 the Vine Stalker Berserker began the quest for
                  | the Orb.
     0 | D:1      | Reached XP level 1. HP: 11/11 MP: 2/2
   415 | D:1      | Reached XP level 2. HP: 7/16 MP: 3/3
   419 | D:1      | HP: 1/24 [kobold/+2 short sword of draining (4)]
   419 | D:1      | Slain by a kobold

Illustrated notes

Levels and vault maps discovered:
D:1:      dpeg_arrival_rooms_with_view, layout_loops_ring,
          basic_ecumenical_altar, minivault_27

Action                   || total
-------------------------++-------
Melee: Short sword       ||    29
       Bite              ||     7
Invok: Berserk           ||     2
Armor: Ring mail         ||    14
       Animal skin       ||     2
Dodge: Dodged            ||    26

Table legend: (Time is in decaauts)
 A = Elapsed time spent in this place.
 B = Non-inter-level travel time spent in this place.
 C = Inter-level travel time spent in this place.
 D = Time resting spent in this place.
 E = Time spent auto-exploring this place.
 F = Levels seen in this place.
 G = Mean time per level.
                   A        B        C        D        E       F      G
               +--------+--------+--------+--------+--------+-----+--------+
         Total |    426 |    426 |      0 |      0 |    339 |   1 |  426.0 |
       Dungeon |    426 |    426 |      0 |      0 |    339 |   1 |  426.0 |
               +--------+--------+--------+--------+--------+-----+--------+

Top non-repeatable levels by time:
     D:1: 426 daAuts
